 Dungeon Crawl Stone Soup version 0.27-a0-789-g6bb3289e1e (webtiles) character file.

Game seed: 7796972854237038890

152 robertstho the Magician (level 5, -1/37 HPs)
             Began as a Djinni Ice Elementalist on Mar 26, 2021.
             Slain by Sigmund
             ... wielding a +10 scythe
              (12 damage)
             ... on level 4 of the Dungeon.
             The game lasted 00:04:19 (4301 turns).

robertstho the Magician (Djinni Ice Elementalist)   Turns: 4301, Time: 00:04:20

Health: -1/37      AC:  3    Str:  7    XL:     5   Next: 34%
Gold:   73         EV: 12    Int: 18    God:
                   SH:  0    Dex: 13

rFire    + . .     SeeInvis .   i - +0 short sword (speed)
rCold    . . .     Faith    .   (no shield)
rNeg     . . .     Spirit   .   a - +0 robe
rPois    ∞         Reflect  .   (no helmet)
rElec    .         Harm     .   (no cloak)
rCorr    +         Rampage  .   c - +0 pair of gloves
Will     .....                  (boots unavailable)
Stlth    ++........             (no amulet)
HPRegen  0.12/turn              e - ring of resist corrosion
MPRegen  0.00/turn              k - ring of ice

@: frozen ramparts, flying
A: fire resistance 2, cold vulnerability 1, float, innate caster, hp casting,
extra vitality 1
a: no special abilities


You were on level 4 of the Dungeon.
You visited 2 branches of the dungeon, and saw 5 of its levels.

You collected 255 gold pieces.
You spent 182 gold pieces at shops.

Inventory:

Hand Weapons
 i - a +0 short sword of speed (weapon)
Armour
 a - a +0 robe (worn)
 c - a +0 pair of gloves (worn)
Jewellery
 e - a ring of resist corrosion (right hand)
 k - a ring of ice (left hand)
 n - a +6 ring of intelligence
 o - a +4 ring of evasion
Scrolls
 b - 2 scrolls of teleportation {unknown}
 g - 2 scrolls of enchant weapon
 j - 3 scrolls of noise {unknown}
 l - a scroll of blinking
Potions
 d - 2 potions of lignification
 f - 2 potions of curing
 h - a potion of cancellation
 m - a potion of haste {unknown}


   Skills:
 * Level 1.4 Fighting
 + Level 1.0 Short Blades
 + Level 2.6 Dodging
 - Level 1.5 Stealth
 * Level 5.0 Spellcasting


You couldn't memorise any spells.
You knew the following spells:

 Your Spells              Type           Power      Damage    Failure   Level
a - Freeze                Ice            100%       1d11      1%          1
b - Frozen Ramparts       Ice            68%        1d8       4%          3
c - Ozocubu's Armour      Ice            34%        N/A       4%          3
d - Hailstorm             Conj/Ice       34%        3d9       16%         4
e - Summon Ice Beast      Ice/Summ       34%        N/A       16%         4
f - Beastly Appendage     Tmut           44%        N/A       1%          1
g - Wereblood             Tmut           22%        N/A       2%          2
Your spell library was empty.

Dungeon Overview and Level Annotations

Branches:
Dungeon (4/15)             Temple (1/1) D:4

Altars:
Fedhas
Gozag
Okawaru
Qazlal
Ru
Sif Muna
Vehumet
Yredelemnul

Shops:
D:4 ?

Annotations:
D:3 3 runed translucent doors, robertstho's ghost, amateur MiHu
D:4 Sigmund


Innate Abilities, Weirdness & Mutations

You are immune to poison.
Your flesh is very heat resistant. (rF++)
You are vulnerable to cold. (rC-)
You float through the air rather than walking.
You learn spells naturally, not from books.
Your magical power is your life essence.
You have superior vitality. (+4 HP)


Message History

You hit the adder but do no damage.
The adder is heavily wounded.
The wall freezes the adder.
The adder misses you.
You closely miss the adder.
The adder is severely wounded.
The wall freezes the adder.
You kill the adder!
No target in view!
The frozen ramparts melt away.
You see here an adder corpse.
o - a +4 ring of evasion A goblin comes into view.
It is wielding a +0 dagger.
The goblin shouts!
You hear a shout!
Found 9 gold pieces.
A goblin is nearby!
A goblin is nearby!
A goblin is nearby!
A goblin is nearby!
Sigmund the Dreaded comes into view.
He is wielding a +10 scythe.
The goblin hits you but does no damage.
You hit the goblin.
The goblin is moderately wounded.
Sigmund misses you.
You barely miss the goblin.
The goblin is moderately wounded.
The goblin closely misses you.
Sigmund hits you from afar with a +10 scythe!!
Ouch! That really hurt!
Casting: Frozen Ramparts (dangerous; 4% risk of failure)
Confirm with . or Enter, or press ? or * to list all spells.
Casting: Frozen Ramparts (dangerous; 4% risk of failure)
Press: ? - help, Dir - look around, f - activate You feel a surge of power!
The walls around you are covered in ice.
* * * LOW HITPOINT WARNING * * *
The wall freezes the goblin.
You kill the goblin!
The wall freezes Sigmund!
Sigmund hits you from afar with a +10 scythe!
You die...

.....#.######.......##.##........
....................##..#........
.....#.####.........###.###......
.........##.........# #.# #......
'#.###.#.##.........# #.###......
.#.# #.#.##.........# #..##......
.#.# #.#.##.........# ##.##......
.#.# #.#<##.........# #.####..##
.#.# #.##.......@...# #.# #..#
.#.# #.# ......)##### #.# ##..##
##.###.# ......@ #.# #.....
.#.....# ....... ##.###.....
.####### .....$. #...#...... .#
####... #### #.#.#.(.... .# #...
#..###'###...... .# ####
#.†#.....#...... .#
#..#.#'#.#.#...#


You could see Sigmund.

Vanquished Creatures
  A centaur skeleton (D:3)
  A hound (D:3)
  4 adders
  2 worms
  3 dart slugs
  An orc (D:3)
  5 endoplasms
  2 giant cockroaches
  2 goblins
  2 hobgoblins
  2 jackals (D:1)
  6 kobolds
  2 quokkas (D:1)
  3 ball pythons
  7 bats
  3 frilled lizards (D:3)
  5 rats
51 creatures vanquished.

Notes
Turn   | Place    | Note
-------+----------+-------------------------------------------
     0 | D:1      | robertstho the Djinni Ice Elementalist began the quest for
                  | the Orb.
     0 | D:1      | Reached XP level 1. HP: 15/15 MP: 0/0
   449 | D:1      | Reached XP level 2. HP: 10/22 MP: 0/0
   787 | D:1      | Reached skill level 4 in Spellcasting
  1551 | D:2      | Reached XP level 3. HP: 21/26 MP: 0/0
  1551 | D:2      | Learned a level 1 spell: Beastly Appendage
  2301 | D:3      | Found a runed translucent gate.
  2301 | D:3      | Found a runed translucent gate.
  2301 | D:3      | Noticed robertstho's ghost (amateur MiHu)
  2302 | D:3      | Found a runed translucent gate.
  2573 | D:3      | Reached XP level 4. HP: 22/31 MP: 0/0
  2844 | D:3      | Reached skill level 1 in Fighting
  3203 | D:3      | Reached skill level 1 in Short Blades
  3203 | D:3      | Reached skill level 5 in Spellcasting
  3203 | D:3      | Reached XP level 5. HP: 25/37 MP: 0/0
  3203 | D:3      | Learned a level 2 spell: Wereblood
  3613 | D:4      | Found Ocealeh's Magic Scroll Emporium.
  3633 | D:4      | Bought a scroll of blinking for 105 gold pieces
  3633 | D:4      | Bought a scroll of amnesia for 49 gold pieces
  3633 | D:4      | Bought a scroll of identify for 28 gold pieces
  3799 | D:4      | Found a staircase to the Ecumenical Temple.
  3809 | Temple   | Entered the Ecumenical Temple
  4296 | D:4      | Noticed Sigmund
  4301 | D:4      | Slain by Sigmund

Illustrated notes

Levels and vault maps discovered:
D:1:      dpeg_arrival_simpleton_b, layout_loops_ring
D:2:      layout_loops_cross, lemuel_blue_sif_altar
D:3:      layout_loops_ring, gammafunk_ghost_split,
          minmay_fractal_squares_gapless_5
D:4:      layout_basic, minmay_temple_entry_glassed_door, serial_shops,
          nicolae_shop_temple_entry_statues_fountains,
          kennysheep_generic_room_11, uniq_sigmund, uniq_edmund
Temple:   compressed_dpeg_circular_temple

Skill      XL: |  1  2  3  4 |
---------------+-------------+-----
Spellcasting   | 4 5 |  5.0
Fighting       | 1 |  1.4
Short Blades   | 1 |  1.0
Dodging        | |  2.6
Stealth        | |  1.5

Action                   |  1- 3 |  4- 6 || total
-------------------------+-------+-------++-------
Melee: Short sword       |    33 |    61 ||    94
       Unarmed           |     6 |       ||     6
 Cast: Freeze            |    36 |     1 ||    37
       Frozen Ramparts   |     1 |     8 ||     9
  Use: Scroll            |     3 |     2 ||     5
 Stab: Sleeping          |     5 |     1 ||     6
Armor: Robe              |    11 |     9 ||    20
Dodge: Dodged            |    52 |    29 ||    81

Table legend: (Time is in decaauts)
 A = Elapsed time spent in this place.
 B = Non-inter-level travel time spent in this place.
 C = Inter-level travel time spent in this place.
 D = Time resting spent in this place.
 E = Time spent auto-exploring this place.
 F = Levels seen in this place.
 G = Mean time per level.
                   A        B        C        D        E       F      G
               +--------+--------+--------+--------+--------+-----+--------+
         Total |   4280 |   4196 |     84 |      0 |   3840 |   5 |  856.0 |
       Dungeon |   4248 |   4171 |     77 |      0 |   3822 |   4 | 1062.0 |
        Temple |     32 |     25 |      7 |      0 |     18 |   1 |   32.0 |
               +--------+--------+--------+--------+--------+-----+--------+

Top non-repeatable levels by time:
     D:1: 1434 daAuts
     D:3: 1218 daAuts
     D:4: 798 daAuts
     D:2: 796 daAuts
  Temple: 32 daAuts
